 Dungeon Crawl Stone Soup version 0.25.0-9-g26727b657a (webtiles) character file.

Game seed: 7762050439056705102

2376 Jannitor the Cutter (level 9, 0/57 HPs)
             Began as a Deep Elf Chaos Knight on June 18, 2020.
             Was a Plaything of Xom.
             Slain by a wolf (6 damage)
             ... led by Grum
             ... on level 8 of the Dungeon.
             The game lasted 00:10:25 (7949 turns).

Jannitor the Cutter (Deep Elf Chaos Knight)         Turns: 7949, Time: 00:10:27

Health: 0/57       AC:  6    Str: 12    XL:     9   Next: 21%
Magic:  20/20      EV: 12    Int: 18    God:    Xom [.....*]
Gold:   342        SH:  0    Dex: 14    Spells: 8/8 levels left

rFire    . . .     SeeInvis .   g - +4 hunting sling (vorpal)
rCold    . . .     Gourm    .   (no shield)
rNeg     . . .     Faith    .   b - +2 leather armour
rPois    +         Spirit   .   (helmet restricted)
rElec    .         Reflect  .   (no cloak)
rCorr    .         Harm     .   (no gloves)
MR       .....     Rnd*Tele +   (no boots)
Stlth    +.........             (no amulet)
HPRegen  0.19/turn              n - ring of magical power
MPRegen  0.17/turn              (no ring)

@: confused, brilliant, about to teleport, lightly drained
A: horns 2, rugged brown scales 1, blink, poison resistance, screaming 2,
teleportitis 1, MP-powered wands
a: Blink, Renounce Religion


You were on level 8 of the Dungeon.
You worshipped Xom.
You were Xom's teddy bear.
You were not hungry.

You visited 1 branch of the dungeon, and saw 8 of its levels.

You collected 342 gold pieces.

Inventory:

Hand Weapons
 a - a +0 short sword of chaos
 g - a +4 vorpal hunting sling (weapon)
 r - a +0 dagger of venom
 y - the +6 short sword of the Sugar Beet {chaos, *Slow rN++ Dex+9}
   (Xom gifted it to you on level 4 of the Dungeon)

   Each time it hits an enemy it has a different, random effect.
   It affects your dexterity (+9).
   It greatly protects you from negative energy.
   It may slow you when you take damage.
Missiles
 e - 187 stones (quivered)
 B - 18 sling bullets
Armour
 b - a +2 leather armour (worn)
 h - a +0 robe of the Archmagi
 u - a +0 helmet
 w - the +2 helmet "Udiymnuis" {+Blink Str-2 Int+4}
   (You found it on level 4 of the Dungeon)

   It affects your strength (-2).
   It affects your intelligence (+4).
   It lets you blink.
 A - a +0 leather armour of fire resistance
Jewellery
 n - a ring of magical power (left hand)
Wands
 x - a wand of clouds (2)
Scrolls
 i - a scroll of enchant armour {unknown}
 j - 2 scrolls of remove curse
 k - a scroll of random uselessness {unknown}
 l - 3 scrolls of identify
 q - a scroll of magic mapping {unknown}
Potions
 f - a potion of might
 o - 2 potions of flight
 p - a potion of magic
 z - a potion of heal wounds {unknown}
Comestibles
 c - 11 rations


   Skills:
 + Level 6.4 Fighting
 + Level 7.7 Short Blades
 + Level 5.7 Slings
 - Level 1.1(1.0) Armour
 - Level 2.8(2.7) Dodging


You had 8 spell levels left.
You didn't know any spells.
Your spell library was empty.

Dungeon Overview and Level Annotations

Branches:
Dungeon (8/15)             Temple (0/1) D:5
   Lair: D:8-11

Altars:
Ashenzari
Cheibriados
Dithmenos
Elyvilon
Hepliaklqana
Makhleb
Qazlal
Uskayaw
Xom
Yredelemnul
Zin

Annotations:
D:3 3 runed translucent doors, paps's ghost, amateur DsFi
D:5 2 transporters, releu's ghost, amateur MfSu
D:6 3 runed translucent doors, Shaidar's ghost, novice MiBe
D:8 Erica; Grum


Innate Abilities, Weirdness & Mutations

You have a pair of horns on your head.
You are partially covered in rugged brown scales. (AC +1, +3% HP)
You can translocate small distances at will.
Your system is resistant to poisons. (rPois)
You sometimes yell uncontrollably at your foes.
You are occasionally teleported next to monsters.
You expend magic power (3 MP) to strengthen your wands.


Message History

The wolf barely misses you. The hound misses you.
The worker ant barely misses you.
Unknown command.
It was a potion of ambrosia.
You are confused.
You feel invigorated.
Xom roars with laughter!
The wolf bites you.
* * * LOW HITPOINT WARNING * * *
The hound bites you.
* * * LOW HITPOINT WARNING * * *
The worker ant bites you but does no damage.
The wolf closely misses you.
It was a potion of brilliance.
You feel clever all of a sudden. The hound bites you.
* * * LOW HITPOINT WARNING * * *
The wolf bites you.
You die...
Xom howls with laughter!

#..h<..#
#.)#...#
#..#.###
....### .. . ..
.### ## .
####g.#..##
#...h.....#
#..h@a....#
.............#
...#..........#
. ....@....?..#
...(...........
...............
..............#
..............#


You could see Erica, Grum, a wolf, a hound and a worker ant.

Vanquished Creatures
  Grinder (D:6)
  Sigmund (D:3)
  Eustachio (D:6)
  A sky beast (D:7)
  An orc warrior (D:6)
  2 ogres
  A necrophage (D:6)
  A centaur (D:5)
  A bullfrog (D:5)
  2 scorpions
  3 wights (D:6)
  3 howler monkeys (D:7)
  4 orc priests
  A hound (D:4)
  3 iguanas
  6 worker ants
  A hound zombie (D:5)
  A hound skeleton (D:6)
  A howler monkey zombie (D:6)
  Robin (D:4)
  A gnoll (D:7)
  A worker ant zombie (D:3)
  7 adders
  A shadow imp (D:6)
  A worm (D:2)
  A dart slug (D:1)
  12 orcs
  6 bats
  5 giant cockroaches
  15 goblins
  10 hobgoblins
  2 jackals (D:1)
  3 quokkas
  6 frilled lizards
  4 kobolds
  6 rats
117 creatures vanquished.

Vanquished Creatures (collateral kills)
  Pikel (D:4)
  Edmund (D:4)
  A bat (D:3)
  A ball python (D:3)
4 creatures vanquished.

Vanquished Creatures (others)
  A centaur (D:5)
  A hound (D:5)
  An adder (D:5)
  An ooze (D:5)
  An adder skeleton (D:5)
  2 fungi (D:3)
  2 plants (D:3)
9 creatures vanquished.

Grand Total: 130 creatures vanquished

Notes
Turn   | Place    | Note
-------+----------+-------------------------------------------
     0 | D:1      | Jannitor the Deep Elf Chaos Knight began the quest for the
                  | Orb.
     0 | D:1      | Reached XP level 1. HP: 13/13 MP: 3/3
    59 | D:1      | XOM: divination: magic mapping
   153 | D:1      | Reached skill level 1 in Armour
   173 | D:1      | Reached XP level 2. HP: 13/18 MP: 4/4
   430 | D:1      | XOM: 1-stop teleportation journey
   842 | D:2      | XOM: 1-stop teleportation journey
   847 | D:2      | Reached XP level 3. HP: 20/22 MP: 5/5
   938 | D:2      | XOM: give mutations
   938 | D:2      | Gained mutation: You are clumsy. (Dex -2) [Xom's mischief]
   938 | D:2      | Gained mutation: You occasionally shout uncontrollably at
                  | your foes. [Xom's mischief]
   938 | D:2      | Gained mutation: You are dopey. (Int -2) [Xom's mischief]
  1150 | D:2      | XOM: give mutations
  1150 | D:2      | Gained mutation: Your body sometimes deteriorates upon
                  | taking damage. [Xom's mischief]
  1150 | D:2      | Gained mutation: You are very clumsy. (Dex -4) [Xom's
                  | mischief]
  1150 | D:2      | Gained mutation: You sometimes yell uncontrollably at your
                  | foes. [Xom's mischief]
  1152 | D:2      | Found a hazy altar of Hepliaklqana.
  1158 | D:2      | Reached skill level 1 in Slings
  1222 | D:2      | XOM: noise
  1225 | D:2      | Reached XP level 4. HP: 24/28 MP: 6/6
  1316 | D:2      | XOM: silly message
  1441 | D:2      | Found a snail-covered altar of Cheibriados.
  1848 | D:2      | XOM: noise
  2275 | D:3      | Noticed Sigmund
  2276 | D:3      | XOM: cast spell 'Discord'
  2424 | D:3      | XOM: give mutations
  2424 | D:3      | Gained mutation: You have a pair of small horns on your
                  | head. [Xom's grace]
  2424 | D:3      | Gained mutation: You possess an exceptional clarity of
                  | mind. [Xom's grace]
  2449 | D:3      | Found a runed translucent gate.
  2452 | D:3      | XOM: swap monsters
  2462 | D:3      | Killed Sigmund
  2462 | D:3      | Reached skill level 4 in Short Blades
  2462 | D:3      | Reached XP level 5. HP: 33/33 MP: 7/7
  2493 | D:3      | Found a runed translucent gate.
  2495 | D:3      | Found a runed translucent gate.
  2495 | D:3      | Identified the +8 short sword "Reamiuwk" {elec, Dex+3}
  2496 | D:3      | Noticed paps's ghost (amateur DsFi)
  2650 | D:3      | Found a basalt altar of Yredelemnul.
  2655 | D:3      | Found a glowing silver altar of Zin.
  2657 | D:3      | Found a shattered altar of Ashenzari.
  2658 | D:3      | Found a white marble altar of Elyvilon.
  2658 | D:3      | Found a stormy altar of Qazlal.
  2659 | D:3      | Found a shadowy altar of Dithmenos.
  2850 | D:4      | XOM: stealth player
  2864 | D:4      | XOM: butterfly on damage
  2880 | D:4      | Reached XP level 6. HP: 29/38 MP: 8/8
  2895 | D:4      | XOM is BORED!
  2895 | D:4      | XOM: give mutations
  2895 | D:4      | Gained mutation: You expend magic power (3 MP) to
                  | strengthen your wands. [Xom's mischief]
  2895 | D:4      | Lost mutation: You are dopey. (Int -2) [Xom's mischief]
  2895 | D:4      | Lost mutation: You possess an exceptional clarity of mind.
                  | [Xom's mischief]
  3049 | D:4      | Noticed Robin
  3064 | D:4      | Killed Robin
  3086 | D:4      | XOM: scenery: create altars
  3242 | D:4      | Found a hide-covered altar of Uskayaw.
  3242 | D:4      | Noticed a +0 hand axe
  3242 | D:4      | Noticed a +0 hand axe
  3258 | D:4      | Got a crude helmet
  3289 | D:4      | XOM: god gift: wand of clouds (5)
  3308 | D:3      | Found a basalt altar of Yredelemnul.
  3466 | D:4      | Noticed Edmund
  3501 | D:4      | XOM: summons friendly shadow imp
  3505 | D:4      | XOM: summons friendly quasit
  3512 | D:4      | XOM: summons friendly iron imp
  3552 | D:4      | Killed Edmund
  3552 | D:4      | Reached skill level 5 in Short Blades
  3747 | D:4      | Reached XP level 7. HP: 35/43 MP: 9/9
  3753 | D:4      | XOM: god gift: encrusted short sword {god gift}
  3756 | D:4      | Got an encrusted short sword {god gift}
  3757 | D:4      | Identified the +6 short sword of the Sugar Beet {chaos,
                  | *Slow rN++ Dex+9} (Xom gifted it to you on level 4 of the
                  | Dungeon)
  3892 | D:4      | XOM: summons 2 hostile demons
  4451 | D:5      | Entered Level 5 of the Dungeon
  4451 | D:5      | Found a staircase to the Ecumenical Temple.
  4451 | D:5      | Noticed Pikel
  4457 | D:4      | Identified the +2 helmet "Udiymnuis" {+Blink Str-2 Int+4}
                  | (You found it on level 4 of the Dungeon)
  4706 | D:5      | XOM: enchant monster (good)
  4725 | D:5      | XOM: summons 2 friendly demons
  4730 | D:4      | XOM: summons 5 friendly demons
  4745 | D:4      | Killed Pikel
  4745 | D:4      | Reached skill level 5 in Fighting
  4745 | D:4      | Reached skill level 6 in Short Blades
  4745 | D:4      | Reached XP level 8. HP: 22/49 MP: 10/10
  4922 | D:5      | Found a transporter.
  4926 | D:5      | Found a transporter.
  4928 | D:5      | Noticed releu's ghost (amateur MfSu)
  4984 | D:5      | Lost mutation: You are very clumsy. (Dex -4) [potion of
                  | mutation]
  4984 | D:5      | Lost mutation: Your body sometimes deteriorates upon taking
                  | damage. [potion of mutation]
  4984 | D:5      | Lost mutation: You are clumsy. (Dex -2) [potion of
                  | mutation]
  4984 | D:5      | Lost mutation: You expend magic power (3 MP) to strengthen
                  | your wands. [potion of mutation]
  4984 | D:5      | Gained mutation: You are occasionally teleported next to
                  | monsters. [potion of mutation]
  4984 | D:5      | Gained mutation: You have a pair of horns on your head.
                  | [potion of mutation]
  4984 | D:5      | Gained mutation: Your system is resistant to poisons.
                  | (rPois) [potion of mutation]
  5112 | D:5      | XOM: give mutation
  5112 | D:5      | Gained mutation: You are partially covered in rugged brown
                  | scales. (AC +1, +3% HP) [Xom's grace]
  5386 | D:5      | Found a burning altar of Makhleb.
  5586 | D:6      | Found a runed translucent gate.
  5586 | D:6      | Found a runed translucent gate.
  5586 | D:6      | Found a runed translucent gate.
  5586 | D:6      | Noticed Shaidar's ghost (novice MiBe)
  5720 | D:6      | XOM: confuse monster(s)
  5807 | D:6      | XOM: divination: magic mapping
  5837 | D:6      | Noticed Eustachio
  5849 | D:6      | Killed Eustachio
  6128 | D:6      | Found a burning altar of Makhleb.
  6141 | D:6      | Reached skill level 5 in Slings
  6439 | D:6      | Reached skill level 7 in Short Blades
  6475 | D:6      | Found a shimmering altar of Xom.
  6478 | D:6      | Noticed Grinder
  6531 | D:6      | Killed Grinder
  7012 | D:6      | XOM: fake destruction
  7094 | D:5      | XOM: give mutations
  7094 | D:5      | Gained mutation: You can translocate small distances at
                  | will. [Xom's grace]
  7094 | D:5      | Gained mutation: You expend magic power (3 MP) to
                  | strengthen your wands. [Xom's grace]
  7369 | D:7      | Reached XP level 9. HP: 31/56 MP: 11/11
  7523 | D:7      | XOM: scenery: create altars
  7605 | D:7      | XOM: cast spell 'Dispersal'
  7622 | D:6      | XOM: god gift: ring mail {god gift}
  7924 | D:7      | XOM: polymorph bullfrog -> jelly
  7936 | D:7      | XOM: enchant monster (bad)
  7936 | D:7      | XOM: butterfly on damage
  7944 | D:8      | Noticed Grum
  7944 | D:8      | Noticed Erica
  7949 | D:8      | Slain by a wolf

Illustrated notes

Levels and vault maps discovered:
D:1:      minmay_arrival_arboretum_large, layout_basic
D:2:      layout_basic, cheibriados_altar_1, lemuel_doored_altar,
          chequers_serial_rivers_small_b
D:3:      lemuel_upstairs_altar, layout_basic, minitemple, first_ration,
          gammafunk_ghost_nasty_kobolds, uniq_sigmund
D:4:      layout_basic, dancing_weapons_uskayaw, uniq_edmund, uniq_robin
D:5:      layout_cave_pools, lemuel_crystal_altar,
          minmay_temple_entry_junction_2, gammafunk_ghost_hive, uniq_pikel
D:6:      layout_loops_corners, basic_altar, gammafunk_ghost_split,
          makhleb_blood_cavern_becter, uniq_eustachio, uniq_grinder
D:7:      layout_cave_pools
D:8:      layout_cave_pools, bloody_trog, serial_shops, nicolae_shop_stone,
          uniq_grum, uniq_erica

Skill      XL: |  1  2  3  4  5  6  7  8 |
---------------+-------------------------+-----
Armour         | 1 |  1.1
Slings         | 1 2 3 4 5 |  5.7
Fighting       | 3 4 5 6 |  6.4
Short Blades   | 4 5 6 7 |  7.7
Dodging        | |  2.8

Action                   |  1- 3 |  4- 6 |  7- 9 || total
-------------------------+-------+-------+-------++-------
Melee: Short sword       |    14 |       |     3 ||    17
       Dagger            |       |       |     8 ||     8
       Headbutt          |       |       |     6 ||     6
 Fire: Hunting sling     |    70 |   135 |   245 ||   450
Evoke: Wand              |       |       |     3 ||     3
  Use: Scroll            |       |       |    12 ||    12
       Potion            |       |       |     7 ||     7
 Stab: Paralysed         |     1 |       |       ||     1
       Distracted        |       |       |     1 ||     1
  Eat: Chunk             |     1 |     4 |     6 ||    11
       Ration            |       |     1 |     2 ||     3
Armor: Leather armour    |    10 |     6 |    35 ||    51
Dodge: Dodged            |    21 |    32 |    90 ||   143
